 Dungeon Crawl Stone Soup version 0.28.0-49-g6dfe1f597d (webtiles) character file.

Game seed: 6939203302163882229

35 Zeld the Insei (level 3, 0/23 HPs)
             Began as an Octopode Transmuter on May 11, 2022.
             Slain by a rat (3 damage)
             ... on level 1 of the Dungeon.
             The game lasted 00:00:56 (811 turns).

Zeld the Insei (Octopode Transmuter)                 Turns: 811, Time: 00:00:57

Health: 0/23       AC:  1    Str: 11    XL:     3   Next: 35%
Magic:  5/6        EV: 13    Int: 15    God:
Gold:   31         SH:  0    Dex: 12    Spells: 0/6 levels left

rFire   . . .      SeeInvis .     - Unarmed
rCold   . . .      Faith    .   (no shield)
rNeg    . . .      Spirit   .   (helmet currently unavailable)
rPois   .          Reflect  .   (no amulet)
rElec   .          Harm     .   (no ring)
rCorr   .          Rampage  .   (no ring)
Will    .....                   (no ring)
Stlth   ++........              (no ring)
HPRegen 0.07/turn               (no ring)
MPRegen 0.10/turn               (no ring)
                                (no ring)
                                (no ring)

@: appendages (expiring)
A: tentacle spike 3, almost no armour, amphibious, 8 rings, camouflage 1,
gelatinous body 1, (nimble swimmer 1), tentacles
a: End Transformation


You were on level 1 of the Dungeon.
One of your tentacles had grown a beastly spike.
You visited 1 branch of the dungeon, and saw 1 of its levels.

You collected 31 gold pieces.

Inventory:

Potions
 a - a potion of haste {unknown}


   Skills:
 * Level 1.5 Fighting
 + Level 2.1 Dodging
 + Level 0.5 Stealth
 + Level 3.1 Unarmed Combat
 * Level 2.3 Spellcasting
 * Level 2.5 Transmutations
 + Level 0.4 Ice Magic
 + Level 0.2 Poison Magic


You couldn't memorise any spells.
You knew the following spells:

 Your Spells              Type           Power      Damage    Failure   Level
a - Beastly Appendage     Tmut           18%        N/A       8%          1
b - Wereblood             Tmut           9%         N/A       12%         2
c - Spider Form           Tmut/Pois      5%         N/A       36%         3

Your spell library contained the following spells:

 Spells                   Type           Power      Damage    Failure   Level
 Ice Form                 Ice/Tmut       6%         N/A       75%         4


Dungeon Overview and Level Annotations

Branches:
Dungeon (1/15)

Altars:


Innate Abilities, Weirdness & Mutations

One of your tentacles has grown a beastly spike.
You cannot wear most types of armour.
You are amphibious.
You can wear up to eight rings at the same time.
Your skin changes colour to match your surroundings (Stealth+).
Your rubbery body absorbs attacks. (AC +1, EV +1)
((You are camouflaged when in or above water. (Stealth+)))
You have tentacles for arms and can constrict up to eight enemies at once.


Message History

You tentacle-slap the quokka. You grab the quokka.
You pierce the quokka.
You kill the quokka!
The dart slug briefly extends its eye-stalks.
The dart slug launches a dart at you. The slug dart hits you.
Your tentacle spike disappears.
The rat barely misses you.
Things that are here:
a +0 club; 4 stones; a kobold corpse You tentacle-slap the dart slug but do no damage.
You grab the dart slug. You constrict the dart slug. The rat barely misses you.
The dart slug barely misses you.
You tentacle-slap the dart slug.
The dart slug is heavily wounded.
You constrict the dart slug. The rat misses you.
The dart slug launches a dart at you. The slug dart hits you.
* * * LOW HITPOINT WARNING * * *
You closely miss the rat. You grab the rat. You constrict the dart slug.
You constrict the rat. The rat misses you.
You release your grip on the dart slug.
You release your grip on the rat.
Casting: Beastly Appendage (safe; 8% risk of failure)
Confirm with . or Enter, or press ? or * to list all spells.
One of your tentacles grows a vicious spike.
The rat bites you.
* * * LOW HITPOINT WARNING * * *
You tentacle-slap the rat.
You kill the rat!
Your transformation is almost over.
The dart slug barely misses you.
Things that are here:
a +0 club; 4 stones; a kobold corpse You tentacle-slap the dart slug.
You kill the dart slug!
You see here a dart slug corpse.
Things that are here:
a +0 club; 4 stones; a kobold corpse You see here a dart slug corpse.
The rat bites you.
You die...

#.## #..........# #...
#..........# #####..
#..........# ####.....#
#..........# #8^.......
#......$..# #)#.......
#.........+ #.........
#....r....# ###.##_##.
#....@....# #....#.#..
#....†############.###
#.###)# #......# #.##.
#.###.###......###'##.
#>........†....##.....
#....####.####.####.....
#... +....# #..# #.....
#.. .##########.# #.....
.. .....#8#....####'###


You could see a rat.

Vanquished Creatures
  A dart slug (D:1)
  2 endoplasms (D:1)
  3 giant cockroaches (D:1)
  2 goblins (D:1)
  3 hobgoblins (D:1)
  4 jackals (D:1)
  3 kobolds (D:1)
  2 quokkas (D:1)
  3 ball pythons (D:1)
  2 bats (D:1)
  A frilled lizard (D:1)
  A rat (D:1)
27 creatures vanquished.

Notes
Turn   | Place    | Note
-------+----------+-------------------------------------------
     0 | D:1      | Zeld the Octopode Transmuter began the quest for the Orb.
     0 | D:1      | Reached XP level 1. HP: 13/13 MP: 3/3
    82 | D:1      | Reached XP level 2. HP: 14/18 MP: 5/5
   467 | D:1      | Found a faded altar of an unknown god.
   576 | D:1      | Reached XP level 3. HP: 14/23 MP: 4/6
   579 | D:1      | Learned a level 2 spell: Wereblood
   583 | D:1      | Learned a level 3 spell: Spider Form
   811 | D:1      | Slain by a rat

Illustrated notes

Levels and vault maps discovered:
D:1:      ebering_trefoil_twist, layout_basic,
          shapermc_ecumenical_altar_mp_highgroup, kennysheep_decorative_pillar

Action                   || total
-------------------------++-------
Melee: Unarmed           ||    55
       Constrict         ||    17
       Kick              ||    13
       Tentacles         ||    10
 Cast: Beastly Appendage ||    15
 Stab: Sleeping          ||     1
Armor: Skin              ||     2
Dodge: Dodged            ||    36
